 Dungeon Crawl Stone Soup version 0.27-a0-1140-g099f9bb0e8 (webtiles) character file.

Game seed: 5276158794381442707

18 neco the Caller (level 2, 0/20 HPs)
             Began as a Minotaur Summoner on May 10, 2021.
             Slain by a hobgoblin (3 damage)
             ... on level 1 of the Dungeon.
             The game lasted 00:17:35 (565 turns).

neco the Caller (Minotaur Summoner)                  Turns: 565, Time: 00:17:36

Health: 0/20       AC:  8    Str: 12    XL:     2   Next: 51%
Magic:  3/3        EV:  5    Int: 12    God:
Gold:   23         SH:  0    Dex: 10    Spells: 2/3 levels left

rFire    . . .     SeeInvis .   c - +0 dagger
rCold    . . .     Faith    .   (no shield)
rNeg     . . .     Spirit   .   f - +0 chain mail
rPois    .         Reflect  .   (helmet restricted)
rElec    .         Harm     .   (no cloak)
rCorr    .         Rampage  .   (no gloves)
Will     .....                  (no boots)
Stlth    ..........             (no amulet)
HPRegen  0.06/turn              (no ring)
MPRegen  0.08/turn              (no ring)

@: no status effects
A: horns 2, retaliatory headbutt
a: no special abilities


You were on level 1 of the Dungeon.
You visited 1 branch of the dungeon, and saw 1 of its levels.

You collected 23 gold pieces.

Inventory:

Hand Weapons
 b - a +0 hunting sling
 c - a +0 dagger (weapon)
 d - a +0 dagger
 h - a +0 short sword
Missiles
 e - 17 bolts
 g - 4 stones
Armour
 a - a +0 robe
 f - a +0 chain mail (worn)


   Skills:
 + Level 0.2 Fighting
 + Level 0.1 Short Blades
 + Level 2.2 Dodging
 + Level 1.6 Stealth
 + Level 0.4 Unarmed Combat
 + Level 1.4 Spellcasting
 + Level 3.3 Summonings


You had 2 spell levels left.
You knew the following spells:

 Your Spells              Type           Power      Damage    Failure   Level
a - Summon Small Mammal   Summ           32%        N/A       98%         1

Your spell library contained the following spells:

 Spells                   Type           Power      Damage    Failure   Level
 Call Imp                 Summ           8%         N/A       99%         2
 Call Canine Familiar     Summ           8%         N/A       100%        3
 Summon Guardian Golem    Hex/Summ       4%         N/A       100%        3
 Summon Ice Beast         Ice/Summ       4%         N/A       100%        4
 Summon Lightning Spire   Summ/Air       4%         N/A       100%        4


Dungeon Overview and Level Annotations

Branches:
Dungeon (1/15)

Altars:


Innate Abilities, Weirdness & Mutations

You have a pair of horns on your head.
You reflexively headbutt those who attack you in melee.


Message History

Casting: Summon Small Mammal (safe; 98% risk of failure)
Confirm with . or Enter, or press ? or * to list all spells.
You miscast Summon Small Mammal.
You are very lightly contaminated with residual magic.
Nothing appears to happen.
The hobgoblin hits you but does no damage.
The hobgoblin hits you but does no damage.
The hobgoblin hits you. The hobgoblin hits you.
The hobgoblin barely misses you. You furiously retaliate!
You headbutt the hobgoblin, but do no damage.
Your magical contamination has completely faded away.
You are too injured to fight recklessly!
Casting: Summon Small Mammal (safe; 98% risk of failure)
Confirm with . or Enter, or press ? or * to list all spells.
You miscast Summon Small Mammal.
You are very lightly contaminated with residual magic.
Nothing appears to happen.
The hobgoblin barely misses you.
A rat comes into view.
The hobgoblin hits you but does no damage.
The rat moves out of view.
Your magical contamination has completely faded away.
You are too injured to fight recklessly!
The rat barely misses you. You furiously retaliate!
You headbutt the rat.
You kill the rat!
The hobgoblin barely misses you.
A quokka comes into view.
The hobgoblin hits you but does no damage.
The quokka bites you.
* * * LOW HITPOINT WARNING * * *
The quokka bites you but does no damage.
The quokka bites you but does no damage.
The quokka bites you but does no damage.
The quokka bites you but does no damage.
The hobgoblin hits you but does no damage.
The quokka bites you but does no damage.
The hobgoblin hits you.
* * * LOW HITPOINT WARNING * * *
The hobgoblin hits you.
You die...

############.....##.#..#
#. ##..+......#.#..# #.
...#......#.# ... #.
.........#.# .... +.
.........#.# ##.####.
.........+.. #....#..
.........#.# #..#.#..
##.#.....# #....#..
#.#@....# #....### #
#gr...# #....... #.....#
#....#.. #.....#
#....### #.....#
#....... #.....#
#...#### #.....#
#...'... #######
#...#### #...#


You could see a quokka and a hobgoblin.

Vanquished Creatures
  A dart slug (D:1)
  A ball python (D:1)
  2 endoplasms (D:1)
  A giant cockroach (D:1)
  2 goblins (D:1)
  2 hobgoblins (D:1)
  A quokka (D:1)
  2 kobolds (D:1)
  2 rats (D:1)
14 creatures vanquished.

Notes
Turn   | Place    | Note
-------+----------+-------------------------------------------
     0 | D:1      | neco the Minotaur Summoner began the quest for the Orb.
     0 | D:1      | Reached XP level 1. HP: 14/14 MP: 1/1
    48 | D:1      | Reached skill level 3 in Summonings
   210 | D:1      | Found a faded altar of an unknown god.
   261 | D:1      | Reached XP level 2. HP: 13/20 MP: 3/3
   565 | D:1      | Slain by a hobgoblin

Illustrated notes

Levels and vault maps discovered:
D:1:      lightli_arrival_chessboard, layout_basic,
          hellmonk_ecumenical_altar_heavens_door, palyth_stone_intersect,
          minmay_heptomino_d4

Skill      XL: |  1 |
---------------+----+-----
Summonings     | 3 |  3.3
Fighting       | |  0.2
Short Blades   | |  0.1
Dodging        | |  2.2
Stealth        | |  1.6
Unarmed Combat | |  0.4
Spellcasting   | |  1.4

Action                   || total
-------------------------++-------
Melee: Dagger            ||    35
       Unarmed           ||     4
       Headbutt          ||     6
Armor: Chain mail        ||    21
Dodge: Dodged            ||    22

Table legend: (Time is in decaauts)
 A = Elapsed time spent in this place.
 B = Non-inter-level travel time spent in this place.
 C = Inter-level travel time spent in this place.
 D = Time resting spent in this place.
 E = Time spent auto-exploring this place.
 F = Levels seen in this place.
 G = Mean time per level.
                   A        B        C        D        E       F      G
               +--------+--------+--------+--------+--------+-----+--------+
         Total |    563 |    549 |     14 |      0 |      0 |   1 |  563.0 |
       Dungeon |    563 |    549 |     14 |      0 |      0 |   1 |  563.0 |
               +--------+--------+--------+--------+--------+-----+--------+

Top non-repeatable levels by time:
     D:1: 563 daAuts
